 Dungeon Crawl Stone Soup version 0.28-a0-533-g9f97627e2a (webtiles) character file.

Game seed: 5385059847944582580

0 Gargoyl the Skirmisher (level 1, -1/23 HPs)
             Began as a Gnoll Abyssal Knight on Sept 25, 2021.
             Was a Follower of Lugonu.
             Succumbed to a cane toad's poison
             ... on level 1 of the Abyss.
             The game lasted 00:00:07 (61 turns).

Gargoyl the Skirmisher (Gnoll Abyssal Knight)         Turns: 61, Time: 00:00:08

Health: -1/23      AC:  3    Str: 12    XL:     1   Next: 0%
Magic:  3/3        EV: 12    Int:  9    God:    Lugonu [*.....]
Gold:   9          SH:  0    Dex: 12    Spells: 0/0 levels left

rFire   . . .      SeeInvis .   a - +1 hand axe
rCold   . . .      Faith    .   (no shield)
rNeg    . . .      Spirit   .   b - +0 leather armour
rPois   .          Reflect  .   (no helmet)
rElec   .          Harm     .   (no cloak)
rCorr   .          Rampage  .   (no gloves)
Will    .....                   (no boots)
Stlth   +.........              (no amulet)
HPRegen 0.07/turn               (no ring)
MPRegen 0.08/turn               (no ring)

@: lethally poisoned (-1 -> -20)
A: fangs 1, strong nose, distributed training
a: Renounce Religion, Depart the Abyss


You were on level 1 of the Abyss.
You worshipped Lugonu.
Lugonu was aware of your devotion.
You visited 0 branches of the dungeon, and saw 0 of its levels.
You visited the Abyss 1 time.

You collected 9 gold pieces.

Inventory:

Hand Weapons
 a - a +1 hand axe (weapon)
Armour
 b - a +0 leather armour (worn)


   Skills:
 + Level 6.4 Fighting
 + Level 0.0 Short Blades
 + Level 0.0 Long Blades
 + Level 4.4 Axes
 + Level 0.0 Maces & Flails
 + Level 0.0 Polearms
 + Level 0.0 Staves
 + Level 0.0 Slings
 + Level 0.0 Bows
 + Level 0.0 Crossbows
 + Level 0.0 Throwing
 + Level 4.4 Armour
 + Level 2.3 Dodging
 + Level 0.0 Stealth
 + Level 0.0 Shields
 + Level 0.0 Unarmed Combat
 + Level 0.0 Spellcasting
 + Level 0.0 Conjurations
 + Level 0.0 Hexes
 + Level 0.0 Summonings
 + Level 0.0 Necromancy
 + Level 0.0 Translocations
 + Level 0.0 Transmutations
 + Level 0.0 Fire Magic
 + Level 0.0 Ice Magic
 + Level 0.0 Air Magic
 + Level 0.0 Earth Magic
 + Level 0.0 Poison Magic
 + Level 4.4 Invocations
 + Level 0.0 Evocations


You couldn't memorise any spells.
You didn't know any spells.
Your spell library was empty.

Dungeon Overview and Level Annotations

Branches:
Dungeon (0/15)

Altars:


Innate Abilities, Weirdness & Mutations

You have very sharp teeth.
Your uncanny sense of smell can sniff out nearby items.
Your experience applies equally to all skills.


Message History

A small abomination is nearby!
Found a spear.
Found a sacrificial altar of Ru.
A tentacled starspawn comes into view.
Tentacles burst from the starspawn's body! 2 starspawn tentacles come into view.
You see here 9 gold pieces.
You now have 9 gold pieces.
The starspawn tentacle grabs you. The starspawn tentacle constricts you.
You escape the starspawn tentacle's grasp.
A worldbinder comes into view.
The starspawn tentacle misses you.
The starspawn tentacle barely misses you.
The worldbinder calls forth creatures from the Lair of Beasts!
A tentacle flies out from the starspawn's body!
A starspawn tentacle comes into view.
The worldbinder calls forth creatures from the Lair of Beasts! x2
The blink frog disappears in a puff of smoke!
The starspawn tentacle misses you. The starspawn tentacle grabs you.
The starspawn tentacle constricts you.
The starspawn tentacle's grasp on you weakens, but your attempt to escape fails.
The starspawn tentacle loses its grip on you.
The tentacle pulls you backwards!
The small abomination barely misses you.
The starspawn tentacle grabs you. The starspawn tentacle constricts you.
You escape the starspawn tentacle's grasp.
The starspawn tentacle grabs you. The starspawn tentacle constricts you.
The starspawn tentacle loses its grip on you.
The tentacle pulls you backwards! The small abomination hits you.
The cane toad barely misses you.
The cane toad disappears in a puff of smoke!
A tentacle flies out from the starspawn's body!
A starspawn tentacle comes into view.
The worldbinder calls forth creatures from the Lair of Beasts!
The cane toad stings you.
You are lethally poisoned!
The cane toad poisons you!
A starspawn tentacle segment comes into view.
* * * LOW HITPOINT WARNING * * *
You feel very sick.
You die...

.. #.....#.....# ♣≈.
............
................
≈≈≈≈§§§≈≈§§§≈≈≈≈#§.
§≈≈≈≈≈§..≈≈≈≈≈≈≈ §§
≈≈≈≈§§§..#≈≈§≈≈≈≈§≈§§≈
§§≈≈.......§≈§≈≈≈≈§§§§≈
§≈≈....@.F..≈≈≈≈≈≈§§§ §
§§.§......xx.≈≈§≈≈§§≈§§§
§.#......w─...≈§≈§≈≈§ ≈
.........w.\Y#.§§§§§≈§≈≈
§...#....#│.X...§§§§§#§
..........│#│..§§§§§≈§§≈
..........#V.#....≈≈#§≈F
#...........#......§ §§≈
........#.........≈§§≈


You could see a tentacled starspawn, a worldbinder, a cane toad (summoned), a
small abomination, 2 starspawn tentacles and a dream sheep (summoned).

Vanquished Creatures (others)
  2 starspawn tentacles (Abyss:1)
2 creatures vanquished.

Notes
Turn   | Place    | Note
-------+----------+-------------------------------------------
     0 | Abyss:1  | Gargoyl the Gnoll Abyssal Knight began the quest for the
                  | Orb.
     0 | Abyss:1  | Reached XP level 1. HP: 23/23 MP: 3/3
    39 | Abyss:1  | Noticed a small abomination
    40 | Abyss:1  | Found a sacrificial altar of Ru.
    41 | Abyss:1  | Noticed a tentacled starspawn
    46 | Abyss:1  | Noticed a worldbinder
    48 | Abyss:1  | Noticed a blink frog
    51 | Abyss:1  | Noticed a cane toad
    51 | Abyss:1  | Noticed a cane toad
    51 | Abyss:1  | Noticed a blink frog
    60 | Abyss:1  | Noticed a dream sheep
    61 | Abyss:1  | Succumbed to a cane toad's poison

Illustrated notes

Levels and vault maps discovered:
Abyss:1:  base: Temple, base:
Temple

Action                   || total
-------------------------++-------
Dodge: Dodged            ||     5

Table legend: (Time is in decaauts)
 A = Elapsed time spent in this place.
 B = Non-inter-level travel time spent in this place.
 C = Inter-level travel time spent in this place.
 D = Time resting spent in this place.
 E = Time spent auto-exploring this place.
 F = Levels seen in this place.
 G = Mean time per level.
                   A        B        C        D        E       F      G
               +--------+--------+--------+--------+--------+-----+--------+
         Total |     61 |     61 |      0 |      0 |     37 |   1 |   61.0 |
         Abyss |     61 |     61 |      0 |      0 |     37 |   1 |   61.0 |
               +--------+--------+--------+--------+--------+-----+--------+

Top non-repeatable levels by time:
 Abyss:1: 61 daAuts
